[Event "January 9 Late 2024"]
[Site "https://www.chess.com"]
[Date "2024.01.09"]
[Round "7"]
[White "Wafa, Hamed"]
[Black "Przybylski, Wojciech"]
[Result "1-0"]
[Board "48"]
[TimeControl "180+1"]
[WhiteFideId "10628452"]
[BlackFideId "1117599"]
[WhiteElo "2794"]
[BlackElo "2567"]
[WhiteTeam "EGY"]
[BlackTeam "POL"]
[WhiteClock "0:01:15"]
[BlackClock "0:00:00"]

1. e4 e5 2. Nf3 Nf6 3. Nc3 Bb4 4. Nxe5 O-O 5. Be2 Re8 6. Nd3 Bxc3 7. dxc3 Nxe4 8. O-O d5 9. Bf4 c6 10. Re1 Bf5 11. f3 Nd6 12. Bf1 Na6 13. Rxe8+ Nxe8 14. Qd2 Nd6 15. Re1 f6 16. Nb4 Nc7 17. b3 Qd7 18. c4 Ne6 19. cxd5 Nxf4 20. Qxf4 cxd5 21. Nxd5 Re8 22. Rxe8+ Nxe8 23. Qxf5 Qd6 24. Qe4 Kf8 25. c4 g6 26. Bd3 Qa3 27. b4 Qc1+ 28. Bf1 Kg7 29. Qe7+ Kh6 30. Qxe8 1-0

[Event "January 9 Late 2024"]
[Site "https://www.chess.com"]
[Date "2024.01.09"]
[Round "7"]
[White "Yurasov, Matfey"]
[Black "Krzyzanowski, Marcin"]
[Result "0-1"]
[Board "49"]
[TimeControl "180+1"]
[WhiteFideId "55617603"]
[BlackFideId "1132199"]
[WhiteElo "2566"]
[BlackElo "2774"]
[WhiteTeam "FID"]
[BlackTeam "POL"]
[WhiteClock "0:00:00"]
[BlackClock "0:00:54"]

1. e4 e6 2. d3 d5 3. Nd2 c5 4. Ngf3 Nc6 5. g3 Nf6 6. Bg2 dxe4 7. dxe4 Qc7 8. O-O Be7 9. Re1 O-O 10. e5 Nd7 11. Qe2 Nd4 12. Nxd4 cxd4 13. Nf3 Bc5 14. Ng5 h6 15. Ne4 Be7 16. Bf4 Nxe5 17. Nd2 f6 18. Bxe5 Qxe5 19. Qxe5 fxe5 20. Nc4 Bf6 21. Nxe5 Rd8 22. Rad1 a5 23. Nd3 Ra6 24. Nc5 Rb6 25. b3 e5 26. h3 Bf5 27. Re2 Rc8 28. Ne4 a4 29. g4 Bh7 30. Rde1 axb3 31. axb3 Be7 32. Ra1 Rbc6 33. Ra2 R6c7 34. Ra5 Rxc2 35. Rxc2 Rxc2 36. Rxe5 Rc1+ 37. Kh2 Kf7 38. Rd5 Rd1 39. Rd7 Ke6 40. Rxb7 d3 41. f4 Bxe4 42. Bxe4 d2 43. f5+ Kd6 44. Rb6+ Ke5 45. Bf3 Re1 46. Re6+ Kf4 0-1

[Event "January 9 Late 2024"]
[Site "https://www.chess.com"]
[Date "2024.01.09"]
[Round "7"]
[White "Ivanisevic, Ivan"]
[Black "Zarnicki, Pablo"]
[Result "1-0"]
[Board "50"]
[TimeControl "180+1"]
[WhiteFideId "912417"]
[BlackFideId "100137"]
[WhiteElo "2771"]
[BlackElo "2562"]
[WhiteTeam "SRB"]
[BlackTeam "ARG"]
[WhiteClock "0:00:09"]
[BlackClock "0:00:01"]

1. d4 Nf6 2. Nf3 g6 3. Nbd2 Bg7 4. e4 O-O 5. Bd3 d6 6. O-O c5 7. c3 cxd4 8. cxd4 Nc6 9. h3 Nd7 10. Nb3 a5 11. a4 Nb4 12. Bb1 b6 13. Re1 Ba6 14. Ra3 Rc8 15. Bg5 h6 16. Bh4 g5 17. Bg3 Qc7 18. h4 Nc2 19. hxg5 Nxe1 20. Qxe1 Bc4 21. Nbd2 b5 22. Rc3 Qb6 23. Qc1 hxg5 24. axb5 g4 25. Rxc4 Rxc4 26. Nxc4 Qxb5 27. Nfd2 Bxd4 28. Qd1 Qg5 29. e5 Nxe5 30. Ne4 Qg7 31. Nxe5 Bxe5 32. Bxe5 dxe5 33. Ng3 e6 34. Qd2 f5 35. Ba2 Qg6 36. Qd6 Re8 37. Qxe5 Kf8 38. Ne2 Qg7 39. Qd6+ Qe7 40. Qb6 Qd8 41. Qc5+ Qe7 42. Qxa5 Rd8 43. Qe1 Qa7 44. Bxe6 Re8 45. Nf4 Qd4 46. g3 Qxb2 47. Qe3 Qb1+ 48. Kh2 Qe4 49. Qc5+ Kg7 50. Qc7+ Kh6 51. Qf7 Rh8 52. Qg6# 1-0

[Event "January 9 Late 2024"]
[Site "https://www.chess.com"]
[Date "2024.01.09"]
[Round "7"]
[White "Tristan, Leonardo"]
[Black "Sadovsky, Artem"]
[Result "1-0"]
[Board "51"]
[TimeControl "180+1"]
[WhiteFideId "113816"]
[BlackFideId "4155840"]
[WhiteElo "2761"]
[BlackElo "2561"]
[WhiteTeam "ARG"]
[BlackTeam "FID"]
[WhiteClock "0:00:11"]
[BlackClock "0:00:14"]

1. d4 g6 2. e4 Bg7 3. Nc3 c6 4. Nf3 d5 5. h3 dxe4 6. Nxe4 Nd7 7. Bc4 Ngf6 8. Nxf6+ Nxf6 9. O-O O-O 10. Re1 Qc7 11. Qe2 e6 12. Bg5 c5 13. Rad1 a6 14. Qe5 Qxe5 15. dxe5 Nd7 16. Be7 Re8 17. Bd6 b5 18. Bf1 Bb7 19. Nh2 Rad8 20. f4 Bd5 21. a4 c4 22. Ng4 Bc6 23. Ne3 Nb6 24. axb5 axb5 25. Ra1 Na4 26. b3 cxb3 27. cxb3 Nc3 28. Rac1 Rxd6 29. exd6 Rd8 30. Nd1 Bd4+ 31. Kh2 b4 32. Nxc3 Bxc3 33. Red1 Bd5 34. Bc4 Rxd6 35. Bxd5 exd5 36. Rc2 d4 37. Rd3 Re6 38. f5 gxf5 39. Rf2 Re3 40. Rxe3 dxe3 41. Re2 f4 42. Ra2 Bd2 43. Ra8+ Kg7 44. Re8 Kf6 45. Kg1 h5 46. Kf1 f3 47. gxf3 Kg5 48. Re4 f5 49. Rc4 f4 50. Ke2 Bc3 51. h4+ Kxh4 52. Rxf4+ Kg3 53. Rf8 Bd2 54. Rg8+ Kf4 55. Rh8 Kg5 56. Kd3 h4 57. Ke2 Kf5 58. Rxh4 Ke5 59. Re4+ Kd5 60. Rxe3 Bxe3 61. Kxe3 Ke5 62. Kd3 Kf4 63. Kc4 Ke5 64. Kxb4 Kd5 65. Kc3 Kc6 66. f4 Kc7 67. f5 Kc8 68. Kd4 Kd8 69. Ke5 Ke7 70. b4 Ke8 71. b5 Kd7 72. b6 Ke7 73. f6+ Kd7 74. b7 Kc7 75. f7 Kb8 76. f8=Q+ Ka7 77. b8=Q+ Ka6 78. Qa3# 1-0

[Event "January 9 Late 2024"]
[Site "https://www.chess.com"]
[Date "2024.01.10"]
[Round "7"]
[White "Otero Marino, Alain"]
[Black "Goltsev, Dmitry"]
[Result "1/2-1/2"]
[Board "52"]
[TimeControl "180+1"]
[WhiteFideId "3524876"]
[BlackFideId "24176710"]
[WhiteElo "2549"]
[BlackElo "2758"]
[WhiteTeam "CUB"]
[BlackTeam "RUS"]
[WhiteClock "0:00:37"]
[BlackClock "0:00:09"]

1. d4 e6 2. e3 d5 3. Nf3 Nf6 4. c4 c5 5. Nc3 Nc6 6. cxd5 exd5 7. Bb5 Be7 8. O-O O-O 9. dxc5 Bxc5 10. Qe2 a6 11. Bxc6 bxc6 12. Rd1 Bg4 13. h3 Bh5 14. Qc2 Bxf3 15. gxf3 Qd7 16. Ne4 Nxe4 17. fxe4 Qxh3 18. exd5 cxd5 19. Rxd5 Qg4+ 20. Kf1 Qh3+ 21. Ke2 Qg4+ 22. Kf1 Qh3+ 23. Ke2 Ba7 24. Qf5 Qh1 25. Qf3 Qg1 26. Rd1 Qg6 27. Bd2 Qc2 28. Qb7 Rfb8 29. Qf3 Qxb2 30. Ke1 Rd8 31. Ba5 Rxd1+ 32. Rxd1 Rc8 33. Qd5 h6 34. Qd7 Rc2 35. Bd2 Bc5 36. Qe8+ Bf8 37. Qa4 Qxa2 38. Qd7 a5 39. Qd3 Qc4 40. Qxc4 Rxc4 41. Bxa5 Rg4 42. Rd8 g6 43. Bc3 Rc4 44. Be5 Rc6 45. Bb2 f5 46. Ba3 Rf6 47. Ke2 Rf7 48. Kf3 g5 49. Kg3 Kg7 50. Bb2+ Kg6 51. f3 h5 52. Rc8 Bd6+ 53. Kg2 Rd7 54. Rc6 Kf7 55. Bd4 Be7 56. Rh6 h4 57. Rh7+ Kg6 58. Rg7+ Kh6 59. Rf7 Kg6 60. Rg7+ Kh6 61. Rf7 g4 62. Rxf5 h3+ 63. Kg3 Bd6+ 64. Kxg4 h2 65. Rh5+ Kg6 66. f4 Bxf4 67. exf4 Rxd4 68. Rxh2 Rd1 69. Ra2 Rg1+ 70. Kf3 Rf1+ 71. Kg3 Rg1+ 72. Kf2 Rb1 73. Kf3 Rf1+ 74. Ke3 Re1+ 75. Kf3 Rf1+ 1/2-1/2

[Event "January 9 Late 2024"]
[Site "https://www.chess.com"]
[Date "2024.01.09"]
[Round "7"]
[White "Yuan, Qingyu"]
[Black "Rangel, Daniel"]
[Result "0-1"]
[Board "53"]
[TimeControl "180+1"]
[WhiteFideId "8609772"]
[BlackFideId "2124475"]
[WhiteElo "2750"]
[BlackElo "2547"]
[WhiteTeam "CHN"]
[BlackTeam "BRA"]
[WhiteClock "0:00:00"]
[BlackClock "0:00:04"]

1. e4 c5 2. Nf3 g6 3. c3 Bg7 4. d4 cxd4 5. cxd4 d5 6. e5 Bg4 7. Bb5+ Nd7 8. Nc3 e6 9. O-O Ne7 10. h3 Bxf3 11. Qxf3 O-O 12. Be3 a6 13. Bd3 b5 14. Rac1 Nb6 15. b3 Rc8 16. Bg5 Qd7 17. Ne2 Rxc1 18. Rxc1 Rc8 19. Qf4 Rxc1+ 20. Qxc1 Bf8 21. g4 Nc6 22. Kg2 Nb4 23. Bb1 Qc8 24. Qf4 Nc6 25. h4 Be7 26. Bf6 Bxf6 27. exf6 Qb8 28. Qg5 Nd7 29. h5 Qd8 30. hxg6 hxg6 31. Qf4 Nxf6 32. Qg5 Kg7 33. Ng3 Qh8 34. Qf4 Qb8 35. Qe3 Qb6 36. g5 Ng4 37. Qf3 Qxd4 38. Ne2 Qb4 39. a3 Qxa3 40. Qxg4 Qxb3 41. Qf4 Qxb1 42. Qd6 Qc2 43. Ng3 Qc4 44. f3 Qc2+ 45. Kh3 Nd4 46. Qf4 Nf5 47. Qe5+ Kg8 48. Qb8+ Kg7 49. Qe5+ Kh7 50. Qf6 Qc7 51. Nxf5 exf5 52. Qd4 Qd7 53. Qe5 a5 54. Kg2 d4 55. Qh2+ Kg8 56. Qb8+ Kg7 57. Qe5+ Kf8 58. Qh8+ Ke7 59. Qe5+ Kd8 60. Qb8+ Ke7 61. Qe5+ Qe6 62. Qc7+ Kf8 63. Qxa5 Qd5 64. Qb6 d3 65. Qb8+ Kg7 66. Qb6 d2 67. Qf6+ Kg8 68. Kg3 d1=Q 69. Kh4 Q1d4+ 0-1

[Event "January 9 Late 2024"]
[Site "https://www.chess.com"]
[Date "2024.01.09"]
[Round "7"]
[White "Novik, Maxim"]
[Black "Chirilov, James A"]
[Result "0-1"]
[Board "54"]
[TimeControl "180+1"]
[WhiteFideId "4102924"]
[BlackFideId "30976677"]
[WhiteElo "2523"]
[BlackElo "2741"]
[WhiteTeam "LTU"]
[BlackTeam "USA"]
[WhiteClock "0:00:00"]
[BlackClock "0:02:03"]

1. e4 c5 2. Nf3 d6 3. d4 cxd4 4. Nxd4 Nf6 5. Nc3 a6 6. Bg5 Nbd7 7. Qe2 e6 8. O-O-O Qc7 9. g4 b5 10. a3 Bb7 11. f3 Be7 12. Be3 Nb6 13. h4 Rc8 14. h5 Nc4 15. g5 Nd7 16. Bh3 Nxb2 17. Kxb2 Qxc3+ 18. Kb1 Nc5 19. g6 hxg6 20. hxg6 Bf6 21. Bxe6 Rxh1 22. gxf7+ Ke7 23. Rxh1 Bxd4 24. Bxd4 Qxd4 25. Ba2 Na4 26. f8=Q+ Rxf8 0-1

[Event "January 9 Late 2024"]
[Site "https://www.chess.com"]
[Date "2024.01.09"]
[Round "7"]
[White "Martins, Vinicius Tine"]
[Black "Nagare Kaivalya Sandip"]
[Result "0-1"]
[Board "55"]
[TimeControl "180+1"]
[WhiteFideId "2112884"]
[BlackFideId "25957929"]
[WhiteElo "2516"]
[BlackElo "2736"]
[WhiteTeam "BRA"]
[BlackTeam "IND"]
[WhiteClock "0:00:09"]
[BlackClock "0:01:14"]

1. d4 Nf6 2. Nf3 g6 3. Bf4 Bg7 4. e3 O-O 5. h3 d6 6. Nbd2 c5 7. c3 b6 8. a4 a6 9. Be2 Bb7 10. O-O Nbd7 11. Bh2 Ne4 12. Nxe4 Bxe4 13. Nd2 Bb7 14. Bf3 Qc8 15. Re1 Rd8 16. Rc1 e5 17. Bxb7 Qxb7 18. Nc4 Qd5 19. b3 b5 20. e4 Qc6 21. d5 Qc7 22. Ne3 c4 23. b4 Rf8 24. g4 Bh6 25. Kg2 Bf4 26. Bg3 Kh8 27. h4 Nf6 28. Bxf4 exf4 29. Qd4 Qe7 30. g5 fxe3 31. Rxe3 Kg8 32. gxf6 Qd7 33. Kg3 h5 34. a5 Qg4+ 35. Kh2 Qxh4+ 36. Kg2 Qg4+ 37. Kf1 Rae8 38. f3 Qf4 39. Rce1 h4 40. Ke2 Qh2+ 41. Kd1 h3 42. R3e2 Qf4 43. Rf2 Re5 44. Rh1 Rh5 45. Rfh2 Qxf3+ 46. Kc1 Re8 0-1

[Event "January 9 Late 2024"]
[Site "https://www.chess.com"]
[Date "2024.01.09"]
[Round "7"]
[White "Weetik, Vjacheslav"]
[Black "Lopusiewicz, Piotr"]
[Result "1-0"]
[Board "56"]
[TimeControl "180+1"]
[WhiteFideId "4153472"]
[BlackFideId "1116029"]
[WhiteElo "2734"]
[BlackElo "2515"]
[WhiteTeam "RUS"]
[BlackTeam "POL"]
[WhiteClock "0:00:04"]
[BlackClock "0:00:01"]

1. d4 Nf6 2. c4 e6 3. g3 d5 4. Nf3 dxc4 5. Bg2 c5 6. O-O Nc6 7. Qa4 Bd7 8. Qxc4 b5 9. Qd3 c4 10. Qd1 Rc8 11. Bf4 Be7 12. Nc3 b4 13. Nb5 O-O 14. Nd6 Bxd6 15. Bxd6 Re8 16. Ne5 Qb6 17. Bc5 Qb8 18. Nxc4 Red8 19. Nd6 Rc7 20. Rc1 Ne7 21. e4 Nc8 22. e5 Nd5 23. Qh5 Bc6 24. Be4 h6 25. Rfe1 Be8 26. Qf3 Nce7 27. h4 a5 28. h5 a4 29. Bb1 b3 30. a3 Qa8 31. Qd3 g6 32. hxg6 Nxg6 33. Qd2 Kg7 34. Be4 Qb8 35. Kg2 Nde7 36. Rh1 Ng8 37. Rh3 Bc6 38. Rch1 Rxd6 39. Bxd6 Bxe4+ 40. f3 Rc2 41. Qxc2 Bxf3+ 42. Kf2 bxc2 43. Bxb8 N8e7 44. Kxf3 Nf5 45. Ba7 Nge7 46. Rc1 Nc6 47. Bc5 Kg6 48. g4 Ncxd4+ 49. Bxd4 Nxd4+ 50. Ke4 Nb3 51. Rxc2 Kg5 52. Rxb3 axb3 53. Rc3 f5+ 54. exf6 1-0

[Event "January 9 Late 2024"]
[Site "https://www.chess.com"]
[Date "2024.01.09"]
[Round "7"]
[White "Martinez Pla, Xavier"]
[Black "Akobian, Varuzhan"]
[Result "1-0"]
[Board "57"]
[TimeControl "180+1"]
[WhiteFideId "32074271"]
[BlackFideId "13300580"]
[WhiteElo "2512"]
[BlackElo "2731"]
[WhiteTeam "ESP"]
[BlackTeam "USA"]
[WhiteClock "0:00:19"]
[BlackClock "0:00:00"]

1. e4 d6 2. d4 Nf6 3. Nc3 c6 4. f4 Qa5 5. Bd3 e5 6. Nf3 exd4 7. Nxd4 Qb6 8. Nf3 g6 9. Qe2 Bg7 10. a4 a5 11. Bd2 O-O 12. h3 Na6 13. g4 Nb4 14. Qf2 Nxd3+ 15. cxd3 Qa6 16. Qe2 Re8 17. O-O Nd7 18. Be3 Nc5 19. Bxc5 dxc5 20. e5 f5 21. Nh4 Rf8 22. gxf5 Bxf5 23. Nxf5 Rxf5 24. Ne4 Rd8 25. Nd6 Rff8 26. Rae1 Qb6 27. Kg2 Qc7 28. Qg4 Rxd6 29. exd6 Qxd6 30. Qe6+ Qxe6 31. Rxe6 Kf7 32. Rfe1 Bf6 33. b3 Rd8 34. R6e3 Rd7 35. Rf3 b6 36. Re4 Rd5 37. Rfe3 Rd6 38. Re8 Rd7 39. Rc8 Rd6 40. Rb8 Bd4 41. Rf3 Rd7 42. f5 g5 43. Rf1 h5 44. Re1 Bf6 45. Re3 Bd8 46. Kf3 Rd4 47. Ke2 g4 48. hxg4 hxg4 49. Re4 Rd5 50. Rxg4 Bf6 51. Rb7+ Kf8 52. Rxb6 Re5+ 53. Re4 Rxf5 54. Rxc6 Bd4 55. Rc7 Rf2+ 56. Ke1 1-0

[Event "January 9 Late 2024"]
[Site "https://www.chess.com"]
[Date "2024.01.09"]
[Round "7"]
[White "Bellissimo, Joseph F."]
[Black "Khatoev, Eduard"]
[Result "0-1"]
[Board "58"]
[TimeControl "180+1"]
[WhiteFideId "2609843"]
[BlackFideId "24145076"]
[WhiteElo "2507"]
[BlackElo "2720"]
[WhiteTeam "CAN"]
[BlackTeam "RUS"]
[WhiteClock "0:00:06"]
[BlackClock "0:01:15"]

1. e4 c6 2. d4 d5 3. e5 c5 4. dxc5 e6 5. a3 Nc6 6. Nf3 Bxc5 7. b4 Bb6 8. Bb2 Nh6 9. Bd3 Ng4 10. O-O Qc7 11. Qe2 Bd7 12. h3 Nh6 13. Nc3 a6 14. Na4 Nd4 15. Nxd4 Bxa4 16. c4 dxc4 17. Bxc4 Bxd4 18. Bxd4 Nf5 19. Bc5 b6 20. Qe4 Bc6 21. Bd6 Bxe4 22. Bxc7 Rc8 23. Rac1 Rxc7 24. Bb5+ Kd8 25. Rfd1+ Bd5 26. Bxa6 Rxc1 27. Rxc1 Ne7 28. Bb5 Ng6 29. Ba6 Re8 30. Rc8+ Ke7 31. Rc7+ Kf8 32. Bb5 Ra8 33. a4 Nxe5 34. f4 Ng6 35. g3 Ne7 36. Kf2 Rc8 37. Ra7 Rc2+ 38. Kf1 Nf5 39. g4 Ne3+ 40. Ke1 Rg2 41. Rc7 Bf3 42. Rc8+ Ke7 43. Re8+ Kf6 44. Bd3 g5 45. h4 gxh4 46. g5+ Kg7 47. a5 h3 48. axb6 h2 49. b7 h1=Q+ 50. Bf1 Qxf1# 0-1

[Event "January 9 Late 2024"]
[Site "https://www.chess.com"]
[Date "2024.01.09"]
[Round "7"]
[White "Rozman, Levy"]
[Black "Suich, Peter D"]
[Result "1-0"]
[Board "59"]
[TimeControl "180+1"]
[WhiteFideId "2039877"]
[BlackFideId "2050366"]
[WhiteElo "2715"]
[BlackElo "2501"]
[WhiteTeam "USA"]
[BlackTeam "USA"]
[WhiteClock "0:00:49"]
[BlackClock "0:00:25"]

1. e4 c5 2. Nc3 e6 3. d4 cxd4 4. Qxd4 Nc6 5. Qd3 Nf6 6. Bf4 e5 7. Bg3 Bb4 8. Ne2 O-O 9. O-O-O Qa5 10. a3 Bxc3 11. Nxc3 Re8 12. f3 Nd4 13. Bxe5 Qxe5 14. Qxd4 Qg5+ 15. Qd2 Qc5 16. Qd4 Qg5+ 17. Kb1 b6 18. Nd5 Nxd5 19. Qxd5 Qxd5 20. Rxd5 a6 21. Bc4 Ra7 22. Rhd1 Rc7 23. Bb3 Re7 24. Rd6 b5 25. Bd5 Kf8 26. c3 Re8 27. Rb6 Ke7 28. h4 d6 29. a4 Rd8 30. axb5 axb5 31. Rxb5 Ba6 32. Rb6 Be2 33. Rd2 Bf1 34. Kc2 Kf6 35. b3 Ke5 36. Rf2 Rdc8 37. f4+ Kf6 38. c4 1-0

[Event "January 9 Late 2024"]
[Site "https://www.chess.com"]
[Date "2024.01.09"]
[Round "7"]
[White "Tarhan, Adar"]
[Black "Ezat, Mohamed"]
[Result "0-1"]
[Board "60"]
[TimeControl "180+1"]
[WhiteFideId "34544712"]
[BlackFideId "10600906"]
[WhiteElo "2714"]
[BlackElo "2479"]
[WhiteTeam "TUR"]
[BlackTeam "EGY"]
[WhiteClock "0:00:04"]
[BlackClock "0:00:30"]

1. e4 e5 2. Nf3 Nc6 3. Bb5 Nge7 4. Nc3 d6 5. d4 exd4 6. Nxd4 Bd7 7. Bc4 Nxd4 8. Qxd4 Nc6 9. Qd1 Be7 10. Nd5 O-O 11. O-O Kh8 12. Bd2 f5 13. exf5 Bxf5 14. Bc3 Ne5 15. Bb3 c6 16. Ne3 Bg6 17. f4 Nd7 18. f5 Bf7 19. Ng4 Bxb3 20. axb3 Nf6 21. Ra4 Nxg4 22. Rxg4 Bf6 23. Rf3 Qb6+ 24. Kh1 Rae8 25. Rfg3 Bxc3 26. bxc3 Qf2 27. h4 Re1+ 28. Qxe1 Qxe1+ 29. Kh2 Qe5 30. Rg5 Rxf5 31. Rxf5 Qxf5 32. Rf3 Qe5+ 33. Kh3 h6 34. g4 Kh7 35. c4 a5 36. h5 b5 37. cxb5 cxb5 38. Rf5 Qe4 39. Kh4 Qxc2 40. Rxb5 Qh2# 0-1

[Event "January 9 Late 2024"]
[Site "https://www.chess.com"]
[Date "2024.01.09"]
[Round "7"]
[White "Adewumi, Tanitoluwa"]
[Black "Garrido Diaz, Jose Antonio"]
[Result "1-0"]
[Board "61"]
[TimeControl "180+1"]
[WhiteFideId "30966396"]
[BlackFideId "24516252"]
[WhiteElo "2710"]
[BlackElo "2473"]
[WhiteTeam "USA"]
[BlackTeam "ESP"]
[WhiteClock "0:02:36"]
[BlackClock "0:02:24"]

1. e4 c5 2. Nf3 d6 3. Bb5+ Bd7 4. Bxd7+ Qxd7 5. O-O Nc6 6. c3 Nf6 7. d4 cxd4 8. cxd4 Nxe4 9. d5 Ne5 10. Re1 Nxf3+ 11. Qxf3 Nf6 12. Nc3 g6 13. Qxf6 Rg8 14. Bg5 O-O-O 15. Qxf7 1-0

[Event "January 9 Late 2024"]
[Site "https://www.chess.com"]
[Date "2024.01.10"]
[Round "7"]
[White "Hoeffer, David"]
[Black "Niedbala, Bartlomiej"]
[Result "0-1"]
[Board "62"]
[TimeControl "180+1"]
[WhiteFideId "24606766"]
[BlackFideId "21834008"]
[WhiteElo "2470"]
[BlackElo "2685"]
[WhiteTeam "GER"]
[BlackTeam "POL"]
[WhiteClock "0:00:11"]
[BlackClock "0:00:24"]

1. e4 g6 2. d4 Bg7 3. Nf3 c6 4. Be2 d5 5. e5 Bg4 6. h3 Bxf3 7. Bxf3 e6 8. c3 Nd7 9. O-O Ne7 10. Bg5 h6 11. Be3 Nf5 12. Nd2 c5 13. Nb3 cxd4 14. cxd4 Rc8 15. Qd2 Nb6 16. Be2 O-O 17. Rfc1 Nd7 18. Rxc8 Qxc8 19. Rc1 Qd8 20. f4 Nxe3 21. Qxe3 Nb8 22. Kh2 h5 23. g3 Nc6 24. h4 Qb6 25. Qc3 Rc8 26. Nc5 Bf8 27. Nd7 Qd8 28. Nxf8 Kxf8 29. a3 Ne7 30. Qd2 Rxc1 31. Qxc1 Qb6 32. Qc3 Nc6 33. b4 Qxd4 34. Qc2 Qf2+ 35. Kh3 Nd4 36. Qc5+ Kg7 37. Bb5 b6 38. Qe7 Qxg3+ 39. Kxg3 Nf5+ 40. Kh3 Nxe7 41. Bd7 Nf5 42. a4 Kf8 43. a5 Ke7 44. Bb5 Nd4 45. Bd3 bxa5 46. bxa5 Nc6 47. a6 Nd4 48. Kg3 Kd7 49. Kf2 Nf5 50. Bb5+ Ke7 51. Ke2 Nxh4 52. Kd3 Ng2 53. Kc3 h4 54. Kb4 Kd8 55. Kc5 Kc7 56. Be8 h3 57. Bxf7 Nxf4 58. Bxe6 Nxe6+ 0-1

[Event "January 9 Late 2024"]
[Site "https://www.chess.com"]
[Date "2024.01.09"]
[Round "7"]
[White "Boyer, Mahel"]
[Black "Luukkonen, Tommi"]
[Result "0-1"]
[Board "63"]
[TimeControl "180+1"]
[WhiteFideId "45102422"]
[BlackFideId "501808"]
[WhiteElo "2682"]
[BlackElo "2399"]
[WhiteTeam "FRA"]
[BlackTeam "FIN"]
[WhiteClock "0:00:01"]
[BlackClock "0:00:05"]

1. e4 c5 2. c3 d5 3. exd5 Nf6 4. Bb5+ Nbd7 5. c4 a6 6. Bxd7+ Qxd7 7. Nf3 e6 8. dxe6 Qxe6+ 9. Qe2 Qxe2+ 10. Kxe2 Bf5 11. d3 O-O-O 12. Rd1 Bd6 13. h3 Rhe8+ 14. Be3 h6 15. Nc3 g5 16. d4 g4 17. hxg4 Nxg4 18. Nd5 Be4 19. Rac1 Kb8 20. dxc5 Bxc5 21. b4 Bxd5 22. Rxd5 Bxb4 23. Rxd8+ Rxd8 24. Bf4+ Ka7 25. Rh1 Re8+ 26. Kf1 Re4 27. g3 Rxc4 28. Rh4 f5 29. Rh5 Rc2 30. Kg1 Bc5 31. Rxf5 Bxf2+ 32. Kf1 Be3 33. Ke1 Rxa2 34. Bxe3+ Nxe3 35. Rf6 Rg2 36. Rf7 Nc2+ 37. Kf1 Rxg3 38. Kf2 Rg4 39. Ne5 Re4 40. Nd7 a5 41. Nc5 Rb4 42. Rh7 a4 43. Rxh6 a3 44. Nd3 Rb3 45. Nc5 Rb2 46. Rh4 Nb4+ 47. Kg3 a2 48. Nd3 Rb3 49. Rxb4 Rxb4 50. Nxb4 a1=Q 51. Nd3 Qc3 52. Kf2 Qxd3 0-1

[Event "January 9 Late 2024"]
[Site "https://www.chess.com"]
[Date "2024.01.09"]
[Round "7"]
[White "Kraiouchkine, Nikita"]
[Black "Tari, Aryan"]
[Result "0-1"]
[Board "64"]
[TimeControl "180+1"]
[WhiteFideId "2607140"]
[BlackFideId "1510045"]
[WhiteElo "2627"]
[BlackElo "2889"]
[WhiteTeam "CAN"]
[BlackTeam "NOR"]
[WhiteClock "0:01:49"]
[BlackClock "0:00:53"]

1. e4 a6 2. d4 e6 3. c4 d5 4. Nc3 dxc4 5. a4 Nc6 6. Be3 Na5 7. f4 Nf6 8. Nf3 Bb4 9. Qc2 b5 10. Be2 Bb7 11. e5 Be4 12. Qd1 Nd5 13. Bd2 Bxc3 14. bxc3 Nb3 15. Ra2 h6 16. O-O c6 17. Ra3 Qe7 18. Rxb3 cxb3 19. Qxb3 O-O 20. Ra1 Rfb8 21. Be1 Nxf4 22. Bf1 Bxf3 23. gxf3 Qg5+ 24. Bg3 Nh5 25. Kg2 Qd2+ 26. Bf2 Nf4+ 27. Kg1 bxa4 28. Qa2 Rb2 0-1

[Event "January 9 Late 2024"]
[Site "https://www.chess.com"]
[Date "2024.01.09"]
[Round "7"]
[White "Poltorak, Sebastian"]
[Black "Sargsyan, Shant"]
[Result "1/2-1/2"]
[Board "65"]
[TimeControl "180+1"]
[WhiteFideId "1199498"]
[BlackFideId "13306766"]
[WhiteElo "2626"]
[BlackElo "2889"]
[WhiteTeam "POL"]
[BlackTeam "ARM"]
[WhiteClock "0:00:10"]
[BlackClock "0:00:57"]

1. d4 b5 2. Nf3 Bb7 3. e3 a6 4. Be2 Nf6 5. O-O e6 6. b3 c5 7. c4 b4 8. Bb2 Be7 9. Nbd2 O-O 10. Qc2 d6 11. Rfd1 Qc7 12. Bd3 Nbd7 13. Ne4 h6 14. dxc5 dxc5 15. Rd2 Qc6 16. Rad1 Nxe4 17. Bxe4 Qxe4 18. Qxe4 Bxe4 19. Rxd7 Rfd8 20. Rxd8+ Rxd8 21. Rxd8+ Bxd8 22. Nd2 Bc6 23. f3 f6 24. e4 Kf7 25. Kf2 Bc7 26. g3 a5 27. Ke3 a4 28. f4 g5 29. Bc1 g4 30. Bb2 h5 31. Bc1 Bd8 32. Bb2 Ke8 33. Bc1 Kd7 34. Bb2 Kc7 35. Bc1 Kb6 36. Bb2 Be7 37. e5 f5 38. Bc1 a3 39. Kf2 h4 40. Ke3 Kc7 41. Kf2 Kd8 42. Ke3 Ke8 43. Kf2 Bd8 44. Ke3 Kf7 45. Kf2 Kg6 46. Ke3 Be7 47. Kf2 Be4 48. Nxe4 fxe4 49. Ke3 Kf5 50. Bd2 Bf8 51. Be1 Bh6 52. Bf2 h3 53. Be1 Bf8 54. Bd2 Be7 55. Be1 Bd8 56. Bf2 Bc7 57. Ke2 e3 58. Bxe3 Bb6 59. Kd3 Ba7 60. Bf2 Bb6 61. Be1 Bd8 62. Bd2 Bh4 63. Be1 Be7 64. Bf2 Bf8 65. Ke3 Bh6 66. Ke2 Bf8 67. Kd3 Be7 68. Ke3 Bd8 69. Be1 Be7 70. Bd2 Bh4 71. Be1 Bd8 72. Kd3 Be7 73. Bf2 Bf8 74. Be3 Be7 75. Bf2 1/2-1/2

[Event "January 9 Late 2024"]
[Site "https://www.chess.com"]
[Date "2024.01.09"]
[Round "7"]
[White "Pakleza, Zbigniew"]
[Black "Zavgorodniy, Sergiy"]
[Result "0-1"]
[Board "66"]
[TimeControl "180+1"]
[WhiteFideId "1119290"]
[BlackFideId "14110148"]
[WhiteElo "2858"]
[BlackElo "2617"]
[WhiteTeam "POL"]
[BlackTeam "UKR"]
[WhiteClock "0:00:01"]
[BlackClock "0:00:39"]

1. d4 c5 2. c3 cxd4 3. cxd4 d5 4. Nc3 Nc6 5. Nf3 e6 6. Bf4 Nf6 7. e3 a6 8. Bd3 Be7 9. Rc1 Bd7 10. O-O O-O 11. h3 h6 12. Na4 b5 13. Nc5 Be8 14. a3 Na5 15. Nxe6 fxe6 16. Bc7 Qd7 17. Bxa5 Rc8 18. Ne5 Rxc1 19. Qxc1 Qb7 20. Qc2 Bd6 21. Rc1 Nd7 22. Bh7+ Kh8 23. Ng6+ Bxg6 24. Bxg6 Nb8 25. f4 Qe7 26. Qe2 Kg8 27. Qh5 Nd7 28. Bd3 Nf6 29. Qg6 Qd7 30. Be1 Rc8 31. Rd1 Kf8 32. Bh4 Be7 33. g4 Ng8 34. Bg3 Bf6 35. g5 Be7 36. gxh6 Nxh6 37. Rf1 Bf6 38. f5 exf5 39. Bxf5 Nxf5 40. Qxf5 Qxf5 41. Rxf5 Rc2 42. Rxd5 Rxb2 43. e4 Rb3 44. Bd6+ Kf7 45. e5 Ke6 46. exf6 gxf6 47. Rc5 Kxd6 48. Kg2 Rxa3 49. h4 Rd3 50. Rf5 Ke6 51. Rf4 f5 52. h5 Kf6 53. h6 Kg6 54. Rh4 Kh7 55. Kf2 b4 56. Ke2 Rc3 57. d5 a5 58. d6 Rc5 59. Rd4 Rc8 60. Rd5 a4 61. Rb5 b3 62. Rb4 Ra8 63. d7 a3 64. Rxb3 a2 65. d8=Q Rxd8 66. Ra3 Rg8 67. Kf2 Kg6 68. Rxa2 Kxh6 69. Ra6+ Kg5 70. Ra4 Rb8 71. Ra2 Rb3 72. Kf1 Kg4 73. Ra4+ f4 74. Ra2 Kf3 75. Ra1 Kg3 76. Kg1 f3 77. Kf1 Rb2 78. Ra8 Rb1# 0-1

[Event "January 9 Late 2024"]
[Site "https://www.chess.com"]
[Date "2024.01.10"]
[Round "7"]
[White "Stremavicius, Titas"]
[Black "Mokshanov, Alexey"]
[Result "1-0"]
[Board "67"]
[TimeControl "180+1"]
[WhiteFideId "12804444"]
[BlackFideId "24121657"]
[WhiteElo "2767"]
[BlackElo "2614"]
[WhiteTeam "LTU"]
[BlackTeam "RUS"]
[WhiteClock "0:00:37"]
[BlackClock "0:00:00"]

1. Nf3 d5 2. g3 Bg4 3. Bg2 Nd7 4. d4 e6 5. h3 Bh5 6. O-O Bd6 7. c4 c6 8. Qb3 Rb8 9. Nc3 Ne7 10. e4 dxc4 11. Qxc4 O-O 12. Be3 e5 13. dxe5 Nxe5 14. Nxe5 Bxe5 15. Bxa7 Ra8 16. Be3 Qc7 17. f4 Bxc3 18. Qxc3 f6 19. a4 Rfe8 20. a5 Nc8 21. b4 Nd6 22. Bb6 Qc8 23. Rfe1 Bg6 24. e5 fxe5 25. Rxe5 Rxe5 26. Qxe5 Nc4 27. Qd4 Nxb6 28. Qxb6 Bd3 29. Rd1 Bb5 30. Rd6 h6 31. g4 Kh8 32. Qd4 Kg8 33. Rd7 Qf8 34. Rxb7 Re8 35. f5 Re7 36. Rxe7 Qxe7 37. a6 Bxa6 38. Bxc6 Qe1+ 39. Kh2 Qe2+ 40. Kg3 Qe1+ 41. Kf4 Kh7 42. Be4 Qf1+ 43. Ke5 Qxh3 44. f6+ Kg8 45. Qd8+ 1-0